 Dungeon Crawl Stone Soup version 0.29.1-4-g47bece8355 (webtiles) character file.

Game seed: 16625496832488131791

149 GorkyZ the Trooper (level 5, -4/33 HPs)
             Began as a Gargoyle Monk on Dec 3, 2022.
             Slain by an orc
             ... wielding a +0 flail
              (5 damage)
             ... on level 3 of the Dungeon.
             The game lasted 00:05:57 (2630 turns).

GorkyZ the Trooper (Gargoyle Monk)                  Turns: 2630, Time: 00:05:58

Health: -4/33      AC: 12    Str: 16    XL:     5   Next: 31%
Magic:  5/5        EV: 10    Int: 11    God:
Gold:   115        SH:  0    Dex: 12    Spells: 4/4 levels left

rFire   + . .      SeeInvis .   a - +0 spear (freeze)
rCold   . . .      Faith    .   (no shield)
rNeg    + . .      Spirit   .   e - +0 scale mail
rPois   ∞          Reflect  .   (no helmet)
rElec   +          Harm     .   (no cloak)
rCorr   .          Rampage  .   m - +0 pair of gloves
Will    +....                   l - +0 pair of boots
Stlth   +.........              (no amulet)
HPRegen 0.11/turn               f - ring "Ceoxail" {rPois rF+ Will+}
MPRegen 0.09/turn               (no ring)

@: no status effects
A: sickness immunity, AC +4, negative energy resistance 1, electricity
resistance, torment resistance 1, petrification resistance
a: no special abilities


You were on level 3 of the Dungeon.
You visited 1 branch of the dungeon, and saw 3 of its levels.

You collected 115 gold pieces.

Inventory:

Hand Weapons
 a - a +0 spear of freezing (weapon)
Missiles
 h - 4 poisoned darts (quivered)
Armour
 b - a +0 robe
 e - a +0 scale mail (worn)
 l - a +0 pair of boots (worn)
 m - a +0 pair of gloves (worn)
Jewellery
 f - the ring "Ceoxail" (left hand) {rPois rF+ Will+}
   (You acquired it on level 3 of the Dungeon)

   [ring of willpower]

   rF:        It protects you from fire.
   rPois:     It protects you from poison.
   Will:      It increases your willpower.
Scrolls
 d - 4 scrolls of identify
 i - 2 scrolls of teleportation
 j - a scroll of amnesia {unknown}
Potions
 c - a potion of ambrosia
 g - 2 potions of curing


   Skills:
 + Level 3.8 Fighting
 + Level 3.2 Polearms
 + Level 1.2 Throwing
 + Level 2.8 Dodging
 + Level 3.0 Stealth
 + Level 1.9 Shields
 + Level 1.3 Evocations


You had 4 spell levels left.
You didn't know any spells.
Your spell library contained the following spells:

 Spells                   Type           Power      Damage    Failure   Level
 Slow                     Hex            0%         N/A       80%         1
 Wereblood                Tmut           0%         N/A       90%         2
 Confusing Touch          Hex            0%         N/A       99%         3
 Vampiric Draining        Necr           0%         2d6       99%         3
 Summon Hydra             Summ           0%         N/A       100%        7
 Sublimation of Blood     Necr           Unusable   N/A       N/A         2

Dungeon Overview and Level Annotations

Branches:
Dungeon (3/15)

Altars:

Shops:
D:2 (


Innate Abilities, Weirdness & Mutations

You are immune to sickness and miasma.
Your stone body is resilient. (AC +4)
You are immune to poison.
You resist negative energy. (rN+)
You are resistant to electric shocks. (rElec)
You are resistant to unholy torment.
You are immune to petrification.


Message History

The orc closely misses you.
You barely miss the orc.
The orc is almost dead.
The orc barely misses you. The orc hits you but does no damage.
You closely miss the orc.
The orc is almost dead.
The orc closely misses you. The orc hits you but does no damage.
You hit the orc but do no damage.
The orc is almost dead.
The orc barely misses you. x2
You hit the orc but do no damage.
The orc is almost dead.
The orc hits you with a +0 flail.
* * * LOW HITPOINT WARNING * * *
The orc closely misses you.
You hit the orc. You freeze the orc.
You kill the orc!
The orc barely misses you. The orc hits you with a +0 flail.
* * * LOW HITPOINT WARNING * * *
Things that are here:
a +0 flail; a +0 chain mail; an orc corpse You hit the orc but do no damage.
The orc hits you but does no damage.
You closely miss the orc. The orc hits you but does no damage.
You hit the orc. You freeze the orc.
The orc is heavily wounded.
The orc hits you but does no damage.
You closely miss the orc.
The orc is heavily wounded.
A hobgoblin comes into view.
The orc hits you with a +0 flail.
* * * LOW HITPOINT WARNING * * *
You closely miss the orc.
The orc is heavily wounded.
The hobgoblin shouts!
The orc closely misses you.
You hit the orc. You freeze the orc.
The orc is almost dead.
The orc hits you with a +0 flail.
You die...

..>..# #......### ##
######.... ....# ..
........ ...###.. #.#
##....# #......# #..
#..).# #§..#
####..###..#.#
##....!#
........[.)#.##
..##..
....$....o@..$## ..#
.....g....<....####
..#
...................
...
o...............###
..##
................# ..#
o...............# #
#...............# #.#
##.............###...
##...............(# #


You could see an orc and a hobgoblin.

Vanquished Creatures
  A scorpion (D:2)
  2 adders (D:2)
  3 worms (D:2)
  3 dart slugs (D:1)
  3 orcs (D:3)
  6 ball pythons
  3 bats (D:1)
  6 endoplasms
  4 giant cockroaches
  3 goblins
  5 hobgoblins
  5 jackals (D:1)
  3 kobolds
  2 quokkas
  5 rats
54 creatures vanquished.

Vanquished Creatures (others)
  4 fungi (D:2)
  7 plants (D:2)
11 creatures vanquished.

Grand Total: 65 creatures vanquished

Notes
Turn   | Place    | Note
-------+----------+-------------------------------------------
     0 | D:1      | GorkyZ the Gargoyle Monk began the quest for the Orb.
     0 | D:1      | Reached XP level 1. HP: 14/14 MP: 1/1
   184 | D:1      | Reached XP level 2. HP: 16/19 MP: 2/2
   647 | D:1      | Reached skill level 1 in Shields
   703 | D:1      | Reached XP level 3. HP: 23/23 MP: 3/3
  1857 | D:2      | Noticed a scorpion
  1867 | D:2      | Killed a scorpion
  1868 | D:2      | Reached skill level 1 in Throwing
  1868 | D:2      | Reached skill level 1 in Evocations
  1868 | D:2      | Reached XP level 4. HP: 19/29 MP: 4/4
  2111 | D:2      | Found a faded altar of an unknown god.
  2246 | D:2      | Found Enatih's Antique Weapon Shop.
  2265 | D:2      | Reached XP level 5. HP: 33/33 MP: 5/5
  2541 | D:3      | Identified a scroll of acquirement
  2541 | D:3      | Acquired the ring "Ceoxail" {rPois rF+ Will+}
  2628 | D:3      | HP: 1/33 [orc/+0 flail (1)]
  2630 | D:3      | Slain by an orc

Illustrated notes

Levels and vault maps discovered:
D:1:      dpeg_arrival_line_fractal, layout_loops_corners,
          dreamdust_mushroom_princess, hex_tiny
D:2:      layout_loops_ring, shapermc_ecumenical_altar_mp_ritualfount,
          serial_shops, nicolae_shop_stone
D:3:      layout_rooms, chequers_temple_overflow_minitemple

Skill      XL: |  1  2  3  4  5 |
---------------+----------------+-----
Shields        | 1 |  1.9
Polearms       | 3 |  3.2
Throwing       | 1 |  1.2
Evocations     | 1 |  1.3
Stealth        | 3 |  3.0
Fighting       | |  3.8
Dodging        | |  2.8

Action                   |  1- 3 |  4- 6 || total
-------------------------+-------+-------++-------
Melee: Spear             |   147 |    90 ||   237
       Punch             |       |     1 ||     1
  Use: Scroll            |     3 |     4 ||     7
Armor: Scale mail        |    49 |    35 ||    84
Dodge: Dodged            |    64 |    54 ||   118
